Map: Dragon Scales LE

Players

Rattata (Vanya)

  • Race: Zerg Zerg
  • League: Master
  • Spawn Location: 11:00

LiquidMaNa (MaNa) - Winner!

  • Race: Protoss Protoss
  • League: Grandmaster
  • Spawn Location: 5:00

VOD

Have the link to the VOD?

Description

Time

  • Played on: Feb. 17, 2023, 1:52 p.m.
  • Length: 18:53
Show
View Real Time Build Order
Export as new Build Order

Rattata Zerg 

Build Orders: Pool First 

Get SALT Encoding   

  12  0:00  Drone  
  13  0:12  Overlord  
  13  0:17  Drone  
  14  0:30  Drone x2  
  14  0:35  Drone  
  17  0:52  Drone  
  17  0:53  Spawning Pool  
  17  1:00  Drone  
  18  1:06  Extractor  
  17  1:17  Hatchery  
  16  1:20  Drone  
  16  1:22  Drone  
  18  1:42  Queen  
  18  1:43  Zergling x4  
  21  1:51  Overlord  
  21  2:01  Drone  
  22  2:17  Drone  
  22  2:19  Hatchery  
  22  2:23  Metabolic Boost  
  22  2:29  Zergling x2  
  23  2:36  Zergling x4  
  25  2:46  Overlord  
  25  2:48  Queen  
  26  2:55  Zergling x2  
  26  2:56  Zergling x2  
  28  3:06  Spore Crawler  
  28  3:13  Drone x3  
  30  3:27  Queen  
  30  3:33  Drone  
  30  3:34  Drone  
  34  3:38  Drone  
  34  3:47  Hatchery  
  32  3:48  Drone  
  32  3:50  Drone  
  34  3:56  Queen  
  34  4:04  Zergling x6  
  34  4:06  Drone  
  34  4:08  Drone  
  38  4:13  Drone  
  38  4:14  Drone  
  38  4:15  Spore Crawler  
  39  4:26  Overlord  
  39  4:30  Queen  
  41  4:32  Drone x2  
  41  4:37  Drone  
  44  4:42  Overlord x2  
  43  4:51  Drone  
  43  4:52  Drone x3  
  44  4:55  Drone  
  45  5:00  Queen  
  45  5:05  Drone, Evolution Chamber  
  47  5:12  Zergling x6  
  49  5:15  Drone  
  49  5:16  Drone  
  51  5:24  Drone  
  52  5:29  Drone x4  
  55  5:36  Drone  
  55  5:37  Drone x3  
  55  5:42  Drone x2  
  61  5:47  Overlord  
  61  5:48  Zerg Melee Weapons Level 1  
  60  5:55  Drone x2, Spore Crawler  
  61  5:58  Spore Crawler  
  61  6:01  Zergling x6  
  60  6:11  Drone x6  
  60  6:15  Overlord  
  63  6:21  Drone x2  
  63  6:22  Drone  
  63  6:24  Drone  
  65  6:29  Baneling Nest  
  65  6:30  Drone  
  64  6:33  Overlord  
  64  6:35  Drone  
  64  6:36  Drone  
  66  6:40  Drone  
  66  6:41  Drone  
  66  6:42  Drone  
  69  6:48  Lair  
  69  6:52  Drone x4  
  72  6:56  Extractor  
  72  6:57  Extractor  
  72  7:01  Zergling x10  
  75  7:10  Overlord  
  75  7:11  Drone x6  
  75  7:14  Extractor  
  80  7:21  Overlord  
  80  7:22  Zergling x4  
  82  7:25  Extractor  
  82  7:27  Extractor  
  82  7:29  Drone x4  
  84  7:33  Drone  
  84  7:34  Drone, Hatchery  
  84  7:35  Drone x3  
  85  7:40  Drone  
  86  7:46  Overseer  
  86  7:49  Hydralisk Den  
  86  7:50  Overlord  
  83  7:51  Centrifugal Hooks  
  83  7:55  Drone, Zergling x14  
  90  8:01  Overlord  
  90  8:02  Zergling x2  
  91  8:09  Zergling x14  
  97  8:13  Baneling x4  
  97  8:14  Baneling x4  
  97  8:17  Baneling  
  97  8:18  Baneling x2, Zergling x4  
  97  8:19  Baneling x2  
  99  8:21  Zergling x6  
  101  8:32  Zergling x18  
  95  8:39  Hydralisk x2  
  95  8:44  Hydralisk  
  95  8:47  Hydralisk  
  93  8:50  Zergling x8  
  95  8:56  Hydralisk x6  
  107  9:06  Hydralisk x3  
  107  9:09  Zergling x4  
  107  9:13  Muscular Augments  
  103  9:18  Hydralisk x2  
  97  9:25  Zergling x2  
  97  9:26  Zergling x12  
  97  9:28  Hydralisk  
  104  9:33  Zerg Melee Weapons Level 2  
  104  9:42  Zergling x16  
  112  9:46  Baneling x3  
  112  9:47  Baneling x2  
  112  9:49  Overlord  
  111  9:53  Baneling x6  
  111  9:58  Zergling x12  
  116  10:00  Baneling x2  
  116  10:11  Baneling x2  
  116  10:12  Zergling x18  
  125  10:14  Baneling x3  
  125  10:15  Baneling  
  124  10:24  Drone x2, Grooved Spines  
  124  10:27  Zergling x4  
  124  10:28  Overlord x2  
  127  10:29  Overlord  
  117  10:39  Zergling x2  
  117  10:40  Zergling x16  
  114  10:44  Hydralisk x2  
  114  10:48  Hydralisk  
  111  10:56  Zergling x14  
  115  11:03  Hydralisk x2  
  119  11:12  Hydralisk x5  
  119  11:16  Hydralisk  
  119  11:17  Zergling x2  
  119  11:18  Zergling x2  
  130  11:23  Overseer  
  130  11:25  Baneling x10  
  130  11:30  Zergling x12  
  136  11:35  Baneling x4  
  136  11:36  Hydralisk x2  
  136  11:38  Overlord  
  140  11:40  Overlord  
  139  11:49  Overlord  
  139  11:53  Zergling x10  
  139  11:54  Zergling x10  
  142  11:59  Hydralisk x2  
  146  12:04  Baneling x8  
  146  12:10  Zergling x2  
  146  12:11  Zergling x14  
  149  12:18  Zergling x2  
  149  12:19  Zergling x12  
  154  12:29  Zergling x8  
  153  12:31  Baneling  
  153  12:32  Baneling x18  
  153  12:35  Baneling x2  
  151  12:38  Zergling x8  
  151  12:39  Zergling x2  
  151  12:42  Zergling x2  
  151  12:43  Zergling x4  
  136  12:47  Zergling x6  
  130  12:51  Zergling x6  
  127  12:59  Zergling x4  
  127  13:04  Zergling x10  
  124  13:09  Zergling x8  
  120  13:19  Hydralisk x5  
  104  13:30  Hydralisk x4  
  112  13:37  Zerg Missile Weapons Level 1  
  112  13:38  Drone x4  
  116  13:52  Baneling x8  
  116  13:59  Hatchery  
  116  14:01  Drone x2  
  116  14:02  Drone  
  118  14:03  Drone  
  118  14:04  Drone, Infestation Pit  
  118  14:05  Drone  
  118  14:06  Evolution Chamber  
  119  14:11  Hydralisk x3  
  124  14:20  Hydralisk x4  
  132  14:25  Overlord  
  132  14:28  Queen  
  132  14:29  Queen  
  135  14:42  Zergling x10  
  135  14:43  Zergling x10  
  134  14:56  Hive  
  134  14:58  Zergling x16  
  134  15:03  Baneling x8  
  134  15:04  Baneling x4  
  134  15:05  Baneling x2  
  134  15:06  Baneling  
  134  15:07  Baneling x2  
  134  15:08  Baneling  
  134  15:18  Zergling x2  
  134  15:19  Zergling x14  
  134  15:21  Baneling x5  
  142  15:22  Baneling x2  
  141  15:31  Zergling x16  
  141  15:33  Zerg Missile Weapons Level 2  
  149  15:38  Drone x2  
  149  15:41  Zerg Ground Armor Level 1  
  151  15:50  Hatchery  
  150  16:03  Drone x2  
  151  16:04  Drone  
  151  16:05  Drone x3, Extractor  
  151  16:06  Drone, Overlord  
  151  16:07  Drone  
  151  16:08  Spore Crawler  
  151  16:09  Spine Crawler  
  154  16:14  Zergling x2  
  154  16:15  Zergling x18  
  160  16:22  Adrenal Glands  
  160  16:26  Zergling x14  
  167  16:36  Zergling x8  
  167  16:37  Zergling x8  
  174  16:42  Zergling x2  
  174  16:43  Zergling x4  
  174  16:47  Zergling x4  
  165  16:51  Drone  
  165  16:53  Spire  
  164  16:55  Baneling x11  
  164  17:01  Zergling x6  
  164  17:02  Zergling x10  
  164  17:05  Spore Crawler  
  164  17:06  Drone x2  
  164  17:07  Drone  
  174  17:09  Drone x2  
  174  17:14  Baneling x12  
  176  17:22  Hydralisk x4  
  176  17:28  Overlord  
  181  17:37  Overlord  
  181  17:45  Extractor  
  181  17:47  Drone x3  
  181  17:49  Overlord  
  182  17:59  Hydralisk  
  182  18:00  Hydralisk x5, Zergling x8, Hatchery  
  182  18:01  Zergling x4  
  199  18:10  Drone, Spire  
  199  18:20  Overseer x2  
  199  18:27  Baneling x7  
  190  18:36  Zergling x2  
Show
View Real Time Build Order
Export as new Build Order

LiquidMaNa Protoss - Winner!

Build Orders: Oracle Opening 

Get SALT Encoding   

  12  0:00  Probe  
  13  0:12  Probe  
  14  0:20  Pylon  
  14  0:24  Probe  
  15  0:38  Probe (Chrono Boost)  
  16  0:45  Gateway  
  16  0:48  Probe (Chrono Boost)  
  17  0:53  Probe (Chrono Boost)  
  17  0:56  Assimilator  
  18  1:05  Probe  
  19  1:17  Probe, Pylon  
  20  1:25  Pylon  
  20  1:29  Probe  
  20  1:32  Zealot (Chrono Boost)  
  21  1:33  Cybernetics Core  
  23  1:43  Probe  
  23  1:45  Assimilator  
  24  1:55  Probe  
  25  2:06  Adept (Chrono Boost)  
  25  2:07  Probe  
  26  2:15  Pylon  
  28  2:20  Stargate  
  28  2:33  Adept  
  30  2:38  Pylon  
  30  2:46  Warp Gate  
  30  2:54  Probe  
  31  3:04  Oracle  
  31  3:24  Nexus  
  30  3:28  Probe  
  30  3:41  Oracle  
  33  3:44  Adept  
  35  3:52  Probe, Shield Battery  
  36  4:04  Probe (Chrono Boost)  
  37  4:10  Pylon  
  37  4:16  Probe (Chrono Boost)  
  38  4:22  Probe (Chrono Boost), Pylon  
  39  4:28  Oracle  
  42  4:35  Stalker  
  42  4:37  Probe x2 (Chrono Boost)  
  48  4:46  Probe x2 (Chrono Boost)  
  48  4:51  Probe (Chrono Boost)  
  48  4:57  Probe  
  50  5:00  Adept  
  50  5:03  Probe  
  53  5:09  Probe  
  54  5:15  Probe  
  54  5:21  Probe  
  54  5:25  Oracle  
  54  5:27  Probe  
  59  5:33  Probe  
  59  5:39  Probe  
  60  5:43  Nexus  
  60  5:45  Probe  
  60  5:46  Twilight Council  
  60  5:47  Forge  
  59  5:50  Adept  
  59  5:51  Probe  
  61  5:57  Probe  
  61  6:03  Probe  
  63  6:04  Assimilator x2  
  63  6:10  Probe  
  64  6:15  Probe, Protoss Ground Weapons Level 1  
  65  6:22  Probe  
  65  6:23  Oracle  
  65  6:24  Charge (Chrono Boost)  
  69  6:27  Probe  
  66  6:32  Gateway  
  66  6:33  Gateway  
  66  6:34  Probe  
  68  6:40  Probe  
  68  6:43  Gateway  
  68  6:44  Gateway  
  68  6:46  Probe  
  69  6:52  Probe  
  70  6:57  Gateway  
  70  6:58  Probe  
  70  6:59  Gateway  
  70  7:00  Gateway  
  70  7:01  Probe  
  72  7:04  Probe  
  72  7:07  Oracle  
  76  7:10  Probe  
  76  7:13  Probe  
  78  7:16  Probe  
  78  7:21  Zealot  
  81  7:24  Pylon  
  81  7:26  Pylon x2  
  81  7:29  Probe x2, Pylon  
  83  7:32  Probe  
  83  7:34  Pylon  
  81  7:47  Zealot x5  
  81  7:49  Photon Cannon  
  91  7:56  Zealot x2  
  91  7:57  Zealot  
  97  7:59  Oracle  
  100  8:09  Zealot x3  
  100  8:10  Zealot  
  100  8:12  Zealot  
  110  8:19  Zealot x2  
  114  8:20  Zealot  
  114  8:26  Probe  
  117  8:27  Probe  
  97  8:40  Zealot x4  
  97  8:41  Zealot x3  
  101  8:43  Probe  
  102  8:49  Probe  
  102  8:53  Zealot  
  102  8:54  Assimilator  
  102  8:55  Templar Archives, Assimilator  
  97  9:00  Protoss Ground Weapons Level 2 (Chrono Boost)  
  97  9:03  Zealot x4  
  90  9:27  Psionic Storm  
  90  9:28  Zealot  
  90  9:29  Zealot x7  
  104  9:46  Nexus  
  103  9:53  High Templar x8  
  103  9:57  Archon x4  
  119  10:00  Probe  
  119  10:01  Probe  
  119  10:06  Nexus  
  121  10:07  Pylon  
  121  10:15  Pylon  
  121  10:25  High Templar x3  
  121  10:26  Zealot x2  
  121  10:27  Zealot  
  123  10:39  Probe  
  123  10:40  Probe x2  
  100  10:51  Probe  
  100  10:52  Zealot x5  
  103  11:00  Probe x2  
  103  11:02  Photon Cannon  
  103  11:03  Photon Cannon  
  103  11:04  Photon Cannon  
  105  11:05  Probe  
  105  11:06  Protoss Ground Weapons Level 3 (Chrono Boost)  
  105  11:07  High Templar x2, Photon Cannon  
  105  11:08  High Templar  
  112  11:12  Probe  
  112  11:15  Shield Battery  
  107  11:19  Sentry  
  107  11:20  Zealot x4, Shield Battery  
  107  11:21  Probe  
  118  11:31  Shield Battery  
  118  11:35  Probe x2  
  120  11:40  High Templar x2, Zealot x2, Assimilator  
  120  11:44  Archon  
  120  11:45  Assimilator, Shield Battery  
  128  11:48  Robotics Facility, Shield Battery  
  124  11:56  Zealot x4  
  124  12:00  Shield Battery  
  132  12:03  Probe x3  
  132  12:07  Stargate  
  135  12:14  Zealot x4  
  125  12:24  Zealot x4  
  132  12:30  Probe x2  
  132  12:35  Probe x2  
  132  12:36  High Templar x4  
  132  12:46  Archon x2  
  132  12:47  Probe x3  
  132  12:48  High Templar x2, Zealot x2  
  143  12:52  Probe  
  123  13:10  Zealot x6  
  123  13:12  Probe x4  
  120  13:24  Probe x4  
  122  13:27  High Templar  
  122  13:28  High Templar  
  126  13:36  Probe x2  
  126  13:37  Probe x2, Protoss Shields Level 1  
  126  13:38  High Templar x4  
  138  13:42  Archon  
  138  13:43  Archon, Shield Battery  
  138  13:51  Probe  
  138  13:52  Probe  
  140  13:58  Protoss Air Weapons Level 1 (Chrono Boost)  
  140  14:03  Probe, Observer (Chrono Boost)  
  140  14:04  Probe x2  
  144  14:10  Pylon  
  144  14:15  Nexus  
  144  14:19  Warp Prism  
  145  14:25  Probe x2 (Chrono Boost)  
  145  14:27  Probe x2 (Chrono Boost)  
  149  14:33  High Templar  
  149  14:34  High Templar x2  
  149  14:36  Probe x2 (Chrono Boost), High Templar  
  155  14:46  Archon  
  155  14:47  Archon  
  146  15:06  Zealot x4  
  154  15:07  Fleet Beacon  
  154  15:08  High Templar  
  154  15:09  High Templar x3  
  162  15:18  Probe x2  
  162  15:19  Stargate  
  164  15:24  Pylon  
  164  15:26  Pylon  
  164  15:27  Probe x3, Pylon  
  164  15:28  Assimilator  
  163  15:30  Probe x2, Assimilator  
  163  15:33  Pylon  
  161  15:39  Probe  
  162  15:49  Carrier (Chrono Boost)  
  162  15:50  Carrier (Chrono Boost)  
  162  15:53  Probe  
  162  15:55  Protoss Air Weapons Level 2 (Chrono Boost)  
  173  16:00  Probe x2, Shield Battery  
  173  16:02  Shield Battery  
  173  16:04  Carrier (Chrono Boost)  
  171  16:08  Zealot x3  
  183  16:14  Probe x2  
  171  16:27  Pylon  
  169  16:42  Carrier (Chrono Boost)  
  169  16:43  Carrier (Chrono Boost)  
  169  16:46  Zealot x7  
  169  16:47  Zealot  
  196  16:51  Observer (Chrono Boost)  
  197  17:00  Gateway x2  
  195  17:02  Photon Cannon, Gateway  
  195  17:10  Warp Prism (Chrono Boost)  
  195  17:14  Nexus  
  197  17:16  Observer  
  197  17:21  Pylon  
  197  17:24  Pylon  
  191  17:40  Observer  
  191  17:44  High Templar x4  
  199  17:48  Archon x2  
  196  18:01  Observer  
  197  18:12  Photon Cannon  
  197  18:17  Photon Cannon  
  197  18:18  Photon Cannon  
  187  18:47  Zealot x3  
  187  18:48  Zealot x8  
Tags
 
Add a new tag
Caveats
  • Supply blocks, unpowered buildings, or Contaminate may cause inaccurate times.
  • Supply counts are checked every 10 seconds.